Pittsburgh Penguins vs Winnipeg Jets
Created - Tuesday, February 3, 2026 at 07:43
Goals
|
| Pittsburgh Penguins |
0 |
1 |
3 |
4 |
| Winnipeg Jets |
1 |
1 |
3 |
5 |
|
Shots
|
| Pittsburgh Penguins |
9 |
16 |
17 |
42 |
| Winnipeg Jets |
6 |
10 |
13 |
29 |
|
1st period
1. Winnipeg Jets , Connor Bedard 7 (Jonas Brodin 6) at 2:43 (SH)
Penalties :
Nino Niederreiter (WPG) for Hooking (Minor) at 2:30
2nd period
2. Winnipeg Jets , Adam Lowry 3 (Taylor Hall 8, Haydn Fleury 2) at 2:09
3. Pittsburgh Penguins , Brian Dumoulin 1 (Tage Thompson 11, Mitchell Marner 9) at 8:52
Penalties :
Matvei Michkov (WPG) for Hooking (Minor) at 3:14, Mattias Ekholm (PIT) for Holding (Minor) at 11:27, Connor Bedard (WPG) for High sticking (Double Minor) at 15:32
3rd period
4. Winnipeg Jets , Taylor Hall 3 (Dylan Samberg 6) at 2:30 (SH)
5. Pittsburgh Penguins , Mitchell Marner 7 (Sam Reinhart 4) at 3:07 (PP)
6. Winnipeg Jets , Connor Bedard 8 (Jason Zucker 4) at 5:10 (PP)
7. Winnipeg Jets , Joel Armia 4 (Vladislav Namestnikov 7, Alexis Lafreniere 9) at 9:08
8. Pittsburgh Penguins , Tage Thompson 4 (Pavel Buchnevich 10) at 17:05 (PP)
9. Pittsburgh Penguins , Sam Reinhart 4 (Leon Draisaitl 7, Mitchell Marner 10) at 19:20
Penalties :
Nate Schmidt (WPG) for Tripping (Minor) at 1:58, Tage Thompson (PIT) for Tripping (Minor) at 4:34, Taylor Hall (WPG) for Holding Stick (Minor) at 14:22, Nate Schmidt (WPG) for Tripping (Minor) at 17:01
Goalie Stats
Jordan Binnington (PIT), 24 saves from 29 shots - (0.828), L, 4-6-0, 59:53 minutes
Yaroslav Askarov (WPG), 38 saves from 42 shots - (0.905), W, 5-3-0, 60:00 minutes
Players Stats for Pittsburgh Penguins
Player Name G A P +/- PIM S H SB GA TA FO MP PP MP PK MP
------------------------------------------------------------------------------------
Blake Coleman 0 0 0 -2 0 2 1 0 1 0 0/0 12:48 0:00 0:10
Brian Dumoulin 1 0 1 -2 0 2 0 1 0 0 0/0 20:58 5:38 1:22
Carson Soucy 0 0 0 1 0 1 1 1 0 0 0/0 14:06 0:00 0:00
Christian Dvorak 0 0 0 0 0 1 0 1 1 1 2/3 7:37 0:00 0:00
Erik Gudbranson 0 0 0 1 0 3 0 2 0 0 0/0 14:52 0:00 0:46
Erik Karlsson 0 0 0 -1 0 3 0 0 0 0 0/0 24:56 5:31 1:13
Gabriel Vilardi 0 0 0 1 0 0 1 0 0 0 0/0 18:23 5:28 0:00
Jordan Eberle 0 0 0 -2 0 3 0 0 0 1 0/0 11:59 0:00 0:00
Leon Draisaitl 0 1 1 -1 0 0 0 0 1 0 12/20 20:53 5:41 1:27
Mattias Ekholm 0 0 0 -2 2 0 0 2 0 0 0/0 20:12 5:38 0:36
Mitchell Marner 1 2 3 -1 0 9 0 0 1 0 0/1 20:53 5:41 1:27
Pavel Buchnevich 0 1 1 1 0 2 2 0 2 1 1/2 18:23 5:28 0:00
Phillip Danault 0 0 0 0 0 0 0 0 0 0 1/1 6:58 0:00 0:00
Ryan O'Reilly 0 0 0 -2 0 7 1 0 0 1 1/3 12:38 0:00 0:00
Sam Reinhart 1 1 2 -1 0 1 2 0 0 0 0/3 20:33 5:41 1:08
Tage Thompson 1 1 2 1 2 6 1 0 1 0 10/21 19:20 5:28 0:58
Travis Sanheim 0 0 0 -1 0 2 3 3 0 1 0/0 24:56 5:31 1:13
Zemgus Girgensons 0 0 0 0 0 0 1 1 0 1 0/0 6:58 0:00 0:00
Players Stats for Winnipeg Jets
Player Name G A P +/- PIM S H SB GA TA FO MP PP MP PK MP
------------------------------------------------------------------------------------
Adam Lowry 1 0 1 0 0 6 4 0 3 1 9/18 19:40 1:10 5:29
Alexander Kerfoot 0 0 0 0 0 1 2 0 0 0 0/1 14:25 1:10 0:39
Alexis Lafreniere 0 1 1 0 0 2 1 1 0 0 0/1 13:48 0:00 1:30
Connor Bedard 2 0 2 2 4 4 0 0 0 0 0/0 18:26 1:25 3:11
Dylan Samberg 0 1 1 1 0 1 4 0 0 0 0/0 26:54 1:25 5:48
Haydn Fleury 0 1 1 1 0 1 3 1 0 2 0/0 21:07 1:10 5:21
Jason Zucker 0 1 1 0 0 0 3 0 0 0 13/23 14:59 1:25 0:00
Joel Armia 1 0 1 0 0 1 0 1 0 0 0/1 14:09 0:00 2:10
Jonas Brodin 0 1 1 1 0 1 4 1 0 2 0/0 26:54 1:25 5:48
Matvei Michkov 0 0 0 0 2 0 0 0 1 0 0/0 7:36 0:00 0:00
Michael Kesselring 0 0 0 0 0 0 0 0 0 1 0/0 12:30 0:00 0:31
Nate Schmidt 0 0 0 1 4 0 2 1 0 0 0/0 20:34 1:10 4:50
Nino Niederreiter 0 0 0 0 2 3 1 1 0 0 0/0 7:49 0:00 0:00
Ridly Greig 0 0 0 0 0 0 0 0 0 0 0/0 20:58 1:25 5:29
Sam Steel 0 0 0 0 0 1 0 0 0 0 1/1 7:22 0:00 0:00
Sean Durzi 0 0 0 0 0 2 0 0 0 0 0/0 11:59 0:00 0:00
Taylor Hall 1 1 2 2 2 4 2 1 0 1 1/4 17:36 1:10 3:50
Vladislav Namestnikov 0 1 1 0 0 2 2 1 2 0 3/5 11:59 0:00 0:00
3 Stars
1 - Taylor Hall (WPG)
2 - Connor Bedard (WPG)
3 - Mitchell Marner (PIT)
Power Play
Pittsburgh Penguins - 2 on 7 Attempt(s) - 28.57%
Winnipeg Jets - 1 on 2 Attempt(s) - 50.00%
Penalty Kill
Pittsburgh Penguins - 1 on 2 Attempt(s) - 50.00%
- Score 0 goal in Penalty Kill
Winnipeg Jets - 5 on 7 Attempt(s) - 71.43%
- Score 2 goal in Penalty Kill
Team Stat
Pittsburgh Penguins - Hits : 13 - Faceoff Wins : 27 - Blocked Shots : 11 - Penalty Minutes : 4
Winnipeg Jets - Hits : 28 - Faceoff Wins : 27 - Blocked Shots : 8 - Penalty Minutes : 14
Official
Referees : Graham Skilliter and Justin St. Pierre
Linesman : Unknown
Game Notes
No Game Note
Finance
Level 1 -- Attendance: 5407 (90.12%) -- Ticket Income $497,444
Level 2 -- Attendance: 5000 (100.00%) -- Ticket Income $275,000
Level 3 -- Attendance: 2663 (88.77%) -- Ticket Income $79,890
Level 4 -- Attendance: 5000 (100.00%) -- Ticket Income $110,000
Luxury Box -- Attendance: 956 (95.60%) -- Ticket Income $181,640
Game was played at the MTS Centre.
Total Attendance: 19026 (95.13%)
Total Ticket Income: $1,143,974
Other Income: $400,391
Total Income: $1,544,365
Pittsburgh Penguins
5 vs 5 Forward
Center Left Wing Right Wing Time % Phy DF OF
1 Leon Draisaitl Sam Reinhart Mitchell Marner 30 1 2 2
2 Tage Thompson Pavel Buchnevich Gabriel Vilardi 30 1 2 2
3 Ryan O'Reilly Blake Coleman Jordan Eberle 25 1 2 2
4 Phillip Danault Zemgus Girgensons Christian Dvorak 15 1 2 2
5 vs 5 Defense
Defense Defense Time % Phy DF OF
1 Travis Sanheim Erik Karlsson 30 1 2 2
2 Brian Dumoulin Mattias Ekholm 30 1 2 2
3 Carson Soucy Erik Gudbranson 25 1 2 2
4 Travis Sanheim Erik Karlsson 15 1 2 2
PowerPlay Forward
Center Left Wing Right Wing Time % Phy DF OF
1 Leon Draisaitl Sam Reinhart Mitchell Marner 50 1 2 2
2 Tage Thompson Pavel Buchnevich Gabriel Vilardi 50 1 2 2
PowerPlay Defense
Defense Defense Time % Phy DF OF
1 Travis Sanheim Erik Karlsson 50 1 2 2
2 Brian Dumoulin Mattias Ekholm 50 1 2 2
Penalty Kill 4 Players Forward
Center Wing Time % Phy DF OF
1 Mitchell Marner Leon Draisaitl 50 1 2 2
2 Sam Reinhart Tage Thompson 50 1 2 2
Penalty Kill 4 Players Defense
Defense Defense Time % Phy DF OF
1 Travis Sanheim Erik Karlsson 50 1 2 2
2 Brian Dumoulin Mattias Ekholm 50 1 2 2
Penalty Kill - 3 Players Forward
Forward Time % Phy DF OF
1 Mitchell Marner 50 1 2 2
2 Leon Draisaitl 50 1 2 2
Penalty Kill - 3 Players Defense
Defense Defense Time % Phy DF OF
1 Travis Sanheim Erik Karlsson 50 1 2 2
2 Brian Dumoulin Mattias Ekholm 50 1 2 2
4 vs 4 Forward
Center Wing Time % Phy DF OF
1 Mitchell Marner Leon Draisaitl 50 1 2 2
2 Sam Reinhart Tage Thompson 50 1 2 2
4 vs 4 Defense
Defense Defense Time % Phy DF OF
1 Travis Sanheim Erik Karlsson 50 1 2 2
2 Brian Dumoulin Mattias Ekholm 50 1 2 2
Last Minutes Offensive
Center Left Wing Right Wing Defense Defense
Leon Draisaitl Sam Reinhart Mitchell Marner Travis Sanheim Erik Karlsson
Last Minutes Defensive
Center Left Wing Right Wing Defense Defense
Leon Draisaitl Sam Reinhart Mitchell Marner Travis Sanheim Erik Karlsson
Goaltenders
Starting : Jordan Binnington
Backup : John Gibson
Extra Forwards
Normal : Christian Dvorak, Ryan O'Reilly, Blake Coleman - PP : Christian Dvorak, Ryan O'Reilly - PK : Blake Coleman
Extra Defensemen
Normal : Carson Soucy, Erik Gudbranson, Brian Dumoulin - PP : Carson Soucy - PK : Erik Gudbranson, Brian Dumoulin
Penalty Shots
Mitchell Marner, Leon Draisaitl, Sam Reinhart, Tage Thompson, Ryan O'Reilly
Scratches
None
Winnipeg Jets
5 vs 5 Forward
Center Left Wing Right Wing Time % Phy DF OF
1 Jason Zucker Connor Bedard Ridly Greig 30 1 2 2
2 Adam Lowry Taylor Hall Alexander Kerfoot 30 1 2 2
3 Vladislav Namestnikov Alexis Lafreniere Joel Armia 25 1 2 2
4 Sam Steel Matvei Michkov Nino Niederreiter 15 1 2 2
5 vs 5 Defense
Defense Defense Time % Phy DF OF
1 Dylan Samberg Jonas Brodin 30 1 2 2
2 Nate Schmidt Haydn Fleury 30 1 2 2
3 Sean Durzi Michael Kesselring 25 1 2 2
4 Dylan Samberg Jonas Brodin 15 1 2 2
PowerPlay Forward
Center Left Wing Right Wing Time % Phy DF OF
1 Jason Zucker Connor Bedard Ridly Greig 50 1 2 2
2 Adam Lowry Taylor Hall Alexander Kerfoot 50 1 2 2
PowerPlay Defense
Defense Defense Time % Phy DF OF
1 Dylan Samberg Jonas Brodin 50 1 2 2
2 Nate Schmidt Haydn Fleury 50 1 2 2
Penalty Kill 4 Players Forward
Center Wing Time % Phy DF OF
1 Taylor Hall Connor Bedard 50 1 2 2
2 Adam Lowry Ridly Greig 50 1 2 2
Penalty Kill 4 Players Defense
Defense Defense Time % Phy DF OF
1 Dylan Samberg Jonas Brodin 50 1 2 2
2 Nate Schmidt Haydn Fleury 50 1 2 2
Penalty Kill - 3 Players Forward
Forward Time % Phy DF OF
1 Ridly Greig 50 1 2 2
2 Connor Bedard 50 1 2 2
Penalty Kill - 3 Players Defense
Defense Defense Time % Phy DF OF
1 Dylan Samberg Jonas Brodin 50 1 2 2
2 Nate Schmidt Haydn Fleury 50 1 2 2
4 vs 4 Forward
Center Wing Time % Phy DF OF
1 Matvei Michkov Connor Bedard 50 1 2 2
2 Adam Lowry Ridly Greig 50 1 2 2
4 vs 4 Defense
Defense Defense Time % Phy DF OF
1 Dylan Samberg Jonas Brodin 50 1 2 2
2 Nate Schmidt Haydn Fleury 50 1 2 2
Last Minutes Offensive
Center Left Wing Right Wing Defense Defense
Jason Zucker Connor Bedard Ridly Greig Dylan Samberg Jonas Brodin
Last Minutes Defensive
Center Left Wing Right Wing Defense Defense
Jason Zucker Connor Bedard Ridly Greig Dylan Samberg Jonas Brodin
Goaltenders
Starting : Yaroslav Askarov
Backup : Dustin Wolf
Extra Forwards
Normal : Matvei Michkov, Alexis Lafreniere, Joel Armia - PP : Matvei Michkov, Alexis Lafreniere - PK : Joel Armia
Extra Defensemen
Normal : Dylan Samberg, Michael Kesselring, Nate Schmidt - PP : Jonas Brodin - PK : Michael Kesselring, Nate Schmidt
Penalty Shots
Joel Armia, Connor Bedard, Adam Lowry, Ridly Greig, Taylor Hall
Scratches
Erik Brannstrom (Healthy), Mikael Backlund (Healthy), Barclay Goodrow (Healthy), Derek Forbort (Healthy)
% Time on Ice - Pittsburgh Penguins
Lines # - Real PCT - Wanted PCT - Time Play
Normal Forward
1 - 30% - 30% - 13:45
2 - 28% - 30% - 12:55
3 - 26% - 25% - 11:59
4 - 15% - 15% - 6:58
Normal Defense
1 - 29% - 30% - 13:05
2 - 31% - 30% - 13:58
3 - 31% - 25% - 14:06
4 - 10% - 15% - 4:28
PP Forward
1 - 51% - 50% - 5:41
2 - 49% - 50% - 5:28
PP Defense
1 - 49% - 50% - 5:31
2 - 51% - 50% - 5:38
PK Forward
1 - 56% - 50% - 1:27
2 - 44% - 50% - 1:08
PK Defense
1 - 47% - 50% - 1:13
2 - 53% - 50% - 1:22
PK3 Forward
1 - 0% - 50%
2 - 0% - 50%
PK3 Defense
1 - 0% - 50%
2 - 0% - 50%
44 Forward
1 - 0% - 50%
2 - 0% - 50%
44 Defense
1 - 0% - 50%
2 - 0% - 50%
Last Minute Offensive - 0:39
Last Minute Defensive - 0:00
Total
Forward - 60:00
Defense - 60:00
|
% Time on Ice - Winnipeg Jets
Lines # - Real PCT - Wanted PCT - Time Play
Normal Forward
1 - 28% - 30% - 12:58
2 - 29% - 30% - 13:18
3 - 26% - 25% - 11:59
4 - 16% - 15% - 7:22
Normal Defense
1 - 31% - 30% - 14:06
2 - 32% - 30% - 14:36
3 - 26% - 25% - 11:59
4 - 11% - 15% - 4:56
PP Forward
1 - 55% - 50% - 1:25
2 - 45% - 50% - 1:10
PP Defense
1 - 55% - 50% - 1:25
2 - 45% - 50% - 1:10
PK Forward
1 - 51% - 50% - 5:40
2 - 49% - 50% - 5:29
PK Defense
1 - 52% - 50% - 5:48
2 - 48% - 50% - 5:21
PK3 Forward
1 - 0% - 50%
2 - 0% - 50%
PK3 Defense
1 - 0% - 50%
2 - 0% - 50%
44 Forward
1 - 0% - 50%
2 - 0% - 50%
44 Defense
1 - 0% - 50%
2 - 0% - 50%
Last Minute Offensive - 0:00
Last Minute Defensive - 0:39
Total
Forward - 60:00
Defense - 60:00
|
Play-by-Play
1st period
0:01 of 1st period - Jason Zucker wins face-off versus Mitchell Marner in neutral zone.
0:27 of 1st period - Jonas Brodin is hit by Travis Sanheim and loses puck.
0:32 of 1st period - Wrist shot by Jordan Eberle.
0:32 of 1st period - Shot Misses the Net.
0:52 of 1st period - Pavel Buchnevich is hit by Adam Lowry and loses puck.
1:38 of 1st period - Travis Sanheim is hit by Nino Niederreiter and loses puck.
2:30 of 1st period - Minor Penalty to Nino Niederreiter for Hooking.
2:31 of 1st period - Leon Draisaitl wins face-off versus Taylor Hall in Winnipeg Jets zone.
2:33 of 1st period - Snap shot by Mitchell Marner.
2:33 of 1st period - Stopped by Yaroslav Askarov with a rebound.
2:43 of 1st period - Snap shot by Connor Bedard.
2:43 of 1st period - Goal by Connor Bedard - Pittsburgh Penguins : 0 - Winnipeg Jets : 1.
2:44 of 1st period - Adam Lowry wins face-off versus Pavel Buchnevich in neutral zone.
3:05 of 1st period - Pavel Buchnevich is hit by Adam Lowry and loses puck.
3:20 of 1st period - Snap shot by Gabriel Vilardi.
3:20 of 1st period - Deflect By Tage Thompson.
3:20 of 1st period - Stopped by Yaroslav Askarov without a rebound.
3:21 of 1st period - Leon Draisaitl wins face-off versus Taylor Hall in Winnipeg Jets zone.
3:34 of 1st period - Wrist shot by Leon Draisaitl.
3:34 of 1st period - Shot Blocked by Taylor Hall.
3:36 of 1st period - Wrist shot by Travis Sanheim.
3:36 of 1st period - Shot Misses the Net.
3:38 of 1st period - Wrist shot by Mitchell Marner.
3:38 of 1st period - Stopped by Yaroslav Askarov with a rebound.
4:30 of 1st period - Penalty to Nino Niederreiter is over, Nino Niederreiter is back on ice.
4:41 of 1st period - Slapshot by Christian Dvorak.
4:41 of 1st period - Shot Misses the Net.
4:43 of 1st period - Slapshot by Carson Soucy.
4:43 of 1st period - Shot Blocked by Jonas Brodin.
6:05 of 1st period - Sean Durzi is hit by Zemgus Girgensons and loses puck.
6:26 of 1st period - Snap shot by Tage Thompson.
6:26 of 1st period - Stopped by Yaroslav Askarov with a rebound.
6:59 of 1st period - Snap shot by Leon Draisaitl.
6:59 of 1st period - Shot Misses the Net.
7:42 of 1st period - Off-side.
7:43 of 1st period - Jason Zucker wins face-off versus Tage Thompson in neutral zone.
9:18 of 1st period - Sam Reinhart is hit by Jonas Brodin and loses puck.
10:01 of 1st period - Snap shot by Gabriel Vilardi.
10:01 of 1st period - Shot Misses the Net.
11:10 of 1st period - Off-side.
11:11 of 1st period - Pavel Buchnevich wins face-off versus Jason Zucker in neutral zone.
11:16 of 1st period - Slapshot by Tage Thompson.
11:16 of 1st period - Stopped by Yaroslav Askarov without a rebound.
11:17 of 1st period - Tage Thompson wins face-off versus Jason Zucker in Winnipeg Jets zone.
11:22 of 1st period - Wrist shot by Tage Thompson.
11:22 of 1st period - Stopped by Yaroslav Askarov with a rebound.
11:24 of 1st period - Snap shot by Tage Thompson.
11:24 of 1st period - Shot Misses the Net.
11:26 of 1st period - Slapshot by Gabriel Vilardi.
11:26 of 1st period - Shot Misses the Net.
12:30 of 1st period - Wrist shot by Sam Steel.
12:30 of 1st period - Shot Misses the Net.
12:32 of 1st period - Wrist shot by Sam Steel.
12:32 of 1st period - Shot Misses the Net.
12:34 of 1st period - Wrist shot by Nino Niederreiter.
12:34 of 1st period - Shot Blocked by Erik Gudbranson.
12:36 of 1st period - Slapshot by Sean Durzi.
12:36 of 1st period - Stopped by Jordan Binnington with a rebound.
12:38 of 1st period - Wrist shot by Matvei Michkov.
12:38 of 1st period - Shot Misses the Net.
12:48 of 1st period - Jason Zucker is hit by Carson Soucy and loses puck.
13:13 of 1st period - Wrist shot by Sam Reinhart.
13:13 of 1st period - Shot Misses the Net.
13:15 of 1st period - Slapshot by Erik Gudbranson.
13:15 of 1st period - Stopped by Yaroslav Askarov with a rebound.
13:53 of 1st period - Slapshot by Taylor Hall.
13:53 of 1st period - Shot Misses the Net.
14:13 of 1st period - Snap shot by Pavel Buchnevich.
14:13 of 1st period - Shot Blocked by Nino Niederreiter.
14:38 of 1st period - Snap shot by Alexis Lafreniere.
14:38 of 1st period - Shot Misses the Net.
14:40 of 1st period - Wrist shot by Vladislav Namestnikov.
14:40 of 1st period - Shot Blocked by Travis Sanheim.
14:42 of 1st period - Wrist shot by Vladislav Namestnikov.
14:42 of 1st period - Stopped by Jordan Binnington without a rebound.
14:43 of 1st period - Adam Lowry wins face-off versus Tage Thompson in Pittsburgh Penguins zone.
14:48 of 1st period - Wrist shot by Alexander Kerfoot.
14:48 of 1st period - Shot Misses the Net.
15:10 of 1st period - Mitchell Marner is hit by Vladislav Namestnikov and loses puck.
15:50 of 1st period - Blake Coleman is hit by Taylor Hall and loses puck.
16:03 of 1st period - Slapshot by Jordan Eberle.
16:03 of 1st period - Stopped by Yaroslav Askarov without a rebound.
16:04 of 1st period - Jason Zucker wins face-off versus Tage Thompson in Winnipeg Jets zone.
17:16 of 1st period - Nino Niederreiter is hit by Blake Coleman and loses puck.
17:21 of 1st period - Wrist shot by Ryan O'Reilly.
17:21 of 1st period - Shot Misses the Net.
17:23 of 1st period - Snap shot by Erik Karlsson.
17:23 of 1st period - Stopped by Yaroslav Askarov with a rebound.
18:53 of 1st period - Snap shot by Adam Lowry.
18:53 of 1st period - Stopped by Jordan Binnington with a rebound.
19:07 of 1st period - Slapshot by Taylor Hall.
19:07 of 1st period - Stopped by Jordan Binnington with a rebound.
19:09 of 1st period - Slapshot by Dylan Samberg.
19:09 of 1st period - Stopped by Jordan Binnington without a rebound.
19:10 of 1st period - Leon Draisaitl wins face-off versus Jason Zucker in Pittsburgh Penguins zone.
Goals for this period are 0 for Pittsburgh Penguins vs 1 for Winnipeg Jets.
Shots for this period are 9 for Pittsburgh Penguins vs 6 for Winnipeg Jets.
2nd period
0:01 of 2nd period - Jason Zucker wins face-off versus Tage Thompson in neutral zone.
0:06 of 2nd period - Travis Sanheim is hit by Dylan Samberg and loses puck.
0:27 of 2nd period - Vladislav Namestnikov is hit by Travis Sanheim and loses puck.
1:15 of 2nd period - Snap shot by Taylor Hall.
1:15 of 2nd period - Stopped by Jordan Binnington without a rebound.
1:16 of 2nd period - Tage Thompson wins face-off versus Adam Lowry in Pittsburgh Penguins zone.
1:43 of 2nd period - Slapshot by Ryan O'Reilly.
1:43 of 2nd period - Stopped by Yaroslav Askarov with a rebound.
1:59 of 2nd period - Wrist shot by Adam Lowry.
1:59 of 2nd period - Shot Blocked by Mattias Ekholm.
2:01 of 2nd period - Snap shot by Nate Schmidt.
2:01 of 2nd period - Shot Blocked by Mattias Ekholm.
2:07 of 2nd period - Snap shot by Adam Lowry.
2:07 of 2nd period - Shot Misses the Net.
2:09 of 2nd period - Wrist shot by Adam Lowry.
2:09 of 2nd period - Goal by Adam Lowry - Pittsburgh Penguins : 0 - Winnipeg Jets : 2.
2:10 of 2nd period - Jason Zucker wins face-off versus Sam Reinhart in neutral zone.
2:21 of 2nd period - Snap shot by Jason Zucker.
2:21 of 2nd period - Shot Blocked by Travis Sanheim.
2:23 of 2nd period - Snap shot by Connor Bedard.
2:23 of 2nd period - Stopped by Jordan Binnington with a rebound.
2:25 of 2nd period - Slapshot by Dylan Samberg.
2:25 of 2nd period - Shot Misses the Net.
2:27 of 2nd period - Wrist shot by Connor Bedard.
2:27 of 2nd period - Shot Misses the Net.
3:14 of 2nd period - Minor Penalty to Matvei Michkov for Hooking.
3:15 of 2nd period - Taylor Hall wins face-off versus Leon Draisaitl in Winnipeg Jets zone.
3:15 of 2nd period - Taylor Hall is hit by Travis Sanheim.
3:25 of 2nd period - Slapshot by Taylor Hall.
3:25 of 2nd period - Stopped by Jordan Binnington without a rebound.
3:26 of 2nd period - Tage Thompson wins face-off versus Taylor Hall in Pittsburgh Penguins zone.
3:26 of 2nd period - Tage Thompson is hit by Dylan Samberg.
3:42 of 2nd period - Jonas Brodin is hit by Tage Thompson and loses puck.
4:03 of 2nd period - Snap shot by Mitchell Marner.
4:03 of 2nd period - Deflect By Sam Reinhart.
4:03 of 2nd period - Shot Misses the Net.
4:03 of 2nd period - Puck is out of play.
4:04 of 2nd period - Adam Lowry wins face-off versus Tage Thompson in Winnipeg Jets zone.
5:14 of 2nd period - Penalty to Matvei Michkov is over, Matvei Michkov is back on ice.
5:21 of 2nd period - Gabriel Vilardi is hit by Alexis Lafreniere and loses puck.
5:45 of 2nd period - Wrist shot by Sam Steel.
5:45 of 2nd period - Stopped by Jordan Binnington with a rebound.
5:47 of 2nd period - Slapshot by Michael Kesselring.
5:47 of 2nd period - Shot Blocked by Christian Dvorak.
6:20 of 2nd period - Icing by Jonas Brodin.
6:21 of 2nd period - Leon Draisaitl wins face-off versus Jason Zucker in Winnipeg Jets zone.
6:34 of 2nd period - Snap shot by Mitchell Marner.
6:34 of 2nd period - Shot Misses the Net.
7:10 of 2nd period - Slapshot by Alexis Lafreniere.
7:10 of 2nd period - Stopped by Jordan Binnington without a rebound.
7:11 of 2nd period - Ryan O'Reilly wins face-off versus Alexis Lafreniere in Pittsburgh Penguins zone.
7:31 of 2nd period - Snap shot by Jordan Eberle.
7:31 of 2nd period - Stopped by Yaroslav Askarov with a rebound.
7:33 of 2nd period - Snap shot by Blake Coleman.
7:33 of 2nd period - Shot Blocked by Nate Schmidt.
7:35 of 2nd period - Snap shot by Blake Coleman.
7:35 of 2nd period - Stopped by Yaroslav Askarov with a rebound.
7:51 of 2nd period - Wrist shot by Jordan Eberle.
7:51 of 2nd period - Shot Misses the Net.
7:53 of 2nd period - Wrist shot by Jordan Eberle.
7:53 of 2nd period - Stopped by Yaroslav Askarov with a rebound.
7:55 of 2nd period - Snap shot by Jordan Eberle.
7:55 of 2nd period - Shot Hit the Post.
7:57 of 2nd period - Slapshot by Carson Soucy.
7:57 of 2nd period - Shot Blocked by Joel Armia.
7:59 of 2nd period - Wrist shot by Erik Gudbranson.
7:59 of 2nd period - Stopped by Yaroslav Askarov with a rebound.
8:01 of 2nd period - Wrist shot by Ryan O'Reilly.
8:01 of 2nd period - Stopped by Yaroslav Askarov with a rebound.
8:03 of 2nd period - Wrist shot by Erik Gudbranson.
8:03 of 2nd period - Shot Misses the Net.
8:13 of 2nd period - Snap shot by Ryan O'Reilly.
8:13 of 2nd period - Stopped by Yaroslav Askarov with a rebound.
8:15 of 2nd period - Slapshot by Carson Soucy.
8:15 of 2nd period - Stopped by Yaroslav Askarov without a rebound.
8:16 of 2nd period - Leon Draisaitl wins face-off versus Jason Zucker in Winnipeg Jets zone.
8:50 of 2nd period - Wrist shot by Tage Thompson.
8:50 of 2nd period - Shot Misses the Net.
8:52 of 2nd period - Slapshot by Brian Dumoulin.
8:52 of 2nd period - Goal by Brian Dumoulin - Pittsburgh Penguins : 1 - Winnipeg Jets : 2.
8:53 of 2nd period - Jason Zucker wins face-off versus Tage Thompson in neutral zone.
9:25 of 2nd period - Wrist shot by Taylor Hall.
9:25 of 2nd period - Shot Misses the Net.
9:27 of 2nd period - Wrist shot by Adam Lowry.
9:27 of 2nd period - Stopped by Jordan Binnington with a rebound.
9:29 of 2nd period - Snap shot by Adam Lowry.
9:29 of 2nd period - Stopped by Jordan Binnington with a rebound.
9:51 of 2nd period - Slapshot by Phillip Danault.
9:51 of 2nd period - Shot Blocked by Alexis Lafreniere.
10:27 of 2nd period - Slapshot by Pavel Buchnevich.
10:27 of 2nd period - Shot Misses the Net.
10:29 of 2nd period - Slapshot by Tage Thompson.
10:29 of 2nd period - Stopped by Yaroslav Askarov without a rebound.
10:30 of 2nd period - Jason Zucker wins face-off versus Leon Draisaitl in Winnipeg Jets zone.
11:06 of 2nd period - Wrist shot by Tage Thompson.
11:06 of 2nd period - Shot Misses the Net.
11:27 of 2nd period - Minor Penalty to Mattias Ekholm for Holding.
11:28 of 2nd period - Jason Zucker wins face-off versus Leon Draisaitl in Pittsburgh Penguins zone.
12:14 of 2nd period - Icing by Nate Schmidt.
12:15 of 2nd period - Jason Zucker wins face-off versus Sam Reinhart in Winnipeg Jets zone.
12:34 of 2nd period - Erik Gudbranson is hit by Adam Lowry and loses puck.
12:53 of 2nd period - Leon Draisaitl is hit by Jason Zucker.
13:27 of 2nd period - Penalty to Mattias Ekholm is over, Mattias Ekholm is back on ice.
13:33 of 2nd period - Travis Sanheim is hit by Vladislav Namestnikov and loses puck.
14:21 of 2nd period - Mattias Ekholm is hit by Adam Lowry and loses puck.
14:38 of 2nd period - Wrist shot by Sam Reinhart.
14:38 of 2nd period - Deflect By Mitchell Marner.
14:38 of 2nd period - Stopped by Yaroslav Askarov without a rebound.
14:39 of 2nd period - Leon Draisaitl wins face-off versus Vladislav Namestnikov in Winnipeg Jets zone.
15:04 of 2nd period - Snap shot by Mitchell Marner.
15:04 of 2nd period - Stopped by Yaroslav Askarov with a rebound.
15:06 of 2nd period - Slapshot by Sam Reinhart.
15:06 of 2nd period - Shot Misses the Net.
15:08 of 2nd period - Slapshot by Travis Sanheim.
15:08 of 2nd period - Stopped by Yaroslav Askarov without a rebound.
15:09 of 2nd period - Tage Thompson wins face-off versus Jason Zucker in Winnipeg Jets zone.
15:16 of 2nd period - Wrist shot by Gabriel Vilardi.
15:16 of 2nd period - Shot Misses the Net.
15:18 of 2nd period - Slapshot by Erik Karlsson.
15:18 of 2nd period - Deflect By Connor Bedard.
15:18 of 2nd period - Stopped by Yaroslav Askarov with a rebound.
15:20 of 2nd period - Slapshot by Travis Sanheim.
15:20 of 2nd period - Shot Blocked by Haydn Fleury.
15:22 of 2nd period - Slapshot by Travis Sanheim.
15:22 of 2nd period - Stopped by Yaroslav Askarov with a rebound.
15:32 of 2nd period - Double Minor Penalty to Connor Bedard for High sticking.
15:33 of 2nd period - Adam Lowry wins face-off versus Tage Thompson in Winnipeg Jets zone.
16:11 of 2nd period - Slapshot by Mitchell Marner.
16:11 of 2nd period - Shot Misses the Net.
16:13 of 2nd period - Slapshot by Brian Dumoulin.
16:13 of 2nd period - Stopped by Yaroslav Askarov with a rebound.
17:05 of 2nd period - Mattias Ekholm is hit by Nate Schmidt and loses puck.
17:25 of 2nd period - Icing by Mattias Ekholm.
17:26 of 2nd period - Leon Draisaitl wins face-off versus Alexander Kerfoot in Pittsburgh Penguins zone.
17:40 of 2nd period - Icing by Pavel Buchnevich.
17:41 of 2nd period - Adam Lowry wins face-off versus Tage Thompson in Pittsburgh Penguins zone.
17:45 of 2nd period - Slapshot by Nate Schmidt.
17:45 of 2nd period - Shot Misses the Net.
17:47 of 2nd period - Slapshot by Haydn Fleury.
17:47 of 2nd period - Stopped by Jordan Binnington without a rebound.
17:48 of 2nd period - Adam Lowry wins face-off versus Leon Draisaitl in Pittsburgh Penguins zone.
18:15 of 2nd period - Travis Sanheim is hit by Haydn Fleury and loses puck.
19:32 of 2nd period - Penalty to Connor Bedard is over, Connor Bedard is back on ice.
19:47 of 2nd period - Snap shot by Adam Lowry.
19:47 of 2nd period - Stopped by Jordan Binnington without a rebound.
19:48 of 2nd period - Sam Steel wins face-off versus Christian Dvorak in Pittsburgh Penguins zone.
19:51 of 2nd period - Wrist shot by Sam Steel.
19:51 of 2nd period - Shot Blocked by Zemgus Girgensons.
Goals for this period are 1 for Pittsburgh Penguins vs 1 for Winnipeg Jets.
Shots for this period are 16 for Pittsburgh Penguins vs 10 for Winnipeg Jets.
3rd period
0:01 of 3rd period - Jason Zucker wins face-off versus Tage Thompson in neutral zone.
0:53 of 3rd period - Off-side.
0:54 of 3rd period - Jason Zucker wins face-off versus Tage Thompson in neutral zone.
1:07 of 3rd period - Gabriel Vilardi is hit by Dylan Samberg.
1:21 of 3rd period - Erik Gudbranson is hit by Jonas Brodin and loses puck.
1:30 of 3rd period - Snap shot by Joel Armia.
1:30 of 3rd period - Deflect By Vladislav Namestnikov.
1:30 of 3rd period - Stopped by Jordan Binnington with a rebound.
1:32 of 3rd period - Slapshot by Sean Durzi.
1:32 of 3rd period - Stopped by Jordan Binnington with a rebound.
1:34 of 3rd period - Snap shot by Vladislav Namestnikov.
1:34 of 3rd period - Deflect By Joel Armia.
1:34 of 3rd period - Shot Blocked by Erik Gudbranson.
1:34 of 3rd period - Puck is out of play.
1:35 of 3rd period - Adam Lowry wins face-off versus Leon Draisaitl in Pittsburgh Penguins zone.
1:58 of 3rd period - Minor Penalty to Nate Schmidt for Tripping.
1:59 of 3rd period - Adam Lowry wins face-off versus Leon Draisaitl in Winnipeg Jets zone.
1:59 of 3rd period - Adam Lowry is hit by Sam Reinhart.
2:11 of 3rd period - Snap shot by Ridly Greig.
2:11 of 3rd period - Shot Misses the Net.
2:30 of 3rd period - Wrist shot by Taylor Hall.
2:30 of 3rd period - Goal by Taylor Hall - Pittsburgh Penguins : 1 - Winnipeg Jets : 3.
2:31 of 3rd period - Tage Thompson wins face-off versus Adam Lowry in neutral zone.
2:34 of 3rd period - Slapshot by Travis Sanheim.
2:34 of 3rd period - Shot Misses the Net.
2:36 of 3rd period - Wrist shot by Gabriel Vilardi.
2:36 of 3rd period - Shot Misses the Net.
2:38 of 3rd period - Snap shot by Gabriel Vilardi.
2:38 of 3rd period - Shot Misses the Net.
3:05 of 3rd period - Snap shot by Mitchell Marner.
3:05 of 3rd period - Stopped by Yaroslav Askarov with a rebound.
3:07 of 3rd period - Snap shot by Mitchell Marner.
3:07 of 3rd period - Goal by Mitchell Marner - Pittsburgh Penguins : 2 - Winnipeg Jets : 3.
3:08 of 3rd period - Vladislav Namestnikov wins face-off versus Leon Draisaitl in neutral zone.
4:05 of 3rd period - Slapshot by Blake Coleman.
4:05 of 3rd period - Deflect By Ryan O'Reilly.
4:05 of 3rd period - Stopped by Yaroslav Askarov without a rebound.
4:06 of 3rd period - Leon Draisaitl wins face-off versus Adam Lowry in Winnipeg Jets zone.
4:19 of 3rd period - Slapshot by Mitchell Marner.
4:19 of 3rd period - Stopped by Yaroslav Askarov with a rebound.
4:21 of 3rd period - Backhand shot by Erik Karlsson.
4:21 of 3rd period - Deflect By Sam Reinhart.
4:21 of 3rd period - Shot Misses the Net.
4:21 of 3rd period - Puck is out of play.
4:22 of 3rd period - Jason Zucker wins face-off versus Tage Thompson in Winnipeg Jets zone.
4:22 of 3rd period - Jason Zucker is hit by Pavel Buchnevich.
4:34 of 3rd period - Minor Penalty to Tage Thompson for Tripping.
4:35 of 3rd period - Adam Lowry wins face-off versus Sam Reinhart in Pittsburgh Penguins zone.
4:51 of 3rd period - Mitchell Marner is hit by Taylor Hall.
4:55 of 3rd period - Slapshot by Mitchell Marner.
4:55 of 3rd period - Stopped by Yaroslav Askarov with a rebound.
5:01 of 3rd period - Leon Draisaitl is hit by Jason Zucker and loses puck.
5:10 of 3rd period - Wrist shot by Connor Bedard.
5:10 of 3rd period - Goal by Connor Bedard - Pittsburgh Penguins : 2 - Winnipeg Jets : 4.
5:11 of 3rd period - Jason Zucker wins face-off versus Leon Draisaitl in neutral zone.
5:24 of 3rd period - Sam Reinhart is hit by Jason Zucker and loses puck.
5:37 of 3rd period - Brian Dumoulin is hit by Jonas Brodin and loses puck.
6:07 of 3rd period - Snap shot by Alexander Kerfoot.
6:07 of 3rd period - Stopped by Jordan Binnington with a rebound.
6:09 of 3rd period - Slapshot by Sean Durzi.
6:09 of 3rd period - Shot Misses the Net.
6:23 of 3rd period - Slapshot by Ryan O'Reilly.
6:23 of 3rd period - Stopped by Yaroslav Askarov with a rebound.
6:25 of 3rd period - Snap shot by Ryan O'Reilly.
6:25 of 3rd period - Stopped by Yaroslav Askarov with a rebound.
6:27 of 3rd period - Wrist shot by Blake Coleman.
6:27 of 3rd period - Deflect By Ridly Greig.
6:27 of 3rd period - Stopped by Yaroslav Askarov with a rebound.
6:29 of 3rd period - Slapshot by Brian Dumoulin.
6:29 of 3rd period - Shot Misses the Net.
7:10 of 3rd period - Carson Soucy is hit by Haydn Fleury and loses puck.
7:18 of 3rd period - Icing by Pavel Buchnevich.
7:19 of 3rd period - Tage Thompson wins face-off versus Adam Lowry in Pittsburgh Penguins zone.
8:03 of 3rd period - Icing by Carson Soucy.
8:04 of 3rd period - Vladislav Namestnikov wins face-off versus Ryan O'Reilly in Pittsburgh Penguins zone.
8:09 of 3rd period - Slapshot by Taylor Hall.
8:09 of 3rd period - Shot Misses the Net.
8:11 of 3rd period - Snap shot by Adam Lowry.
8:11 of 3rd period - Stopped by Jordan Binnington without a rebound.
8:12 of 3rd period - Leon Draisaitl wins face-off versus Adam Lowry in Pittsburgh Penguins zone.
8:39 of 3rd period - Jason Zucker is hit by Pavel Buchnevich and loses puck.
9:08 of 3rd period - Snap shot by Joel Armia.
9:08 of 3rd period - Goal by Joel Armia - Pittsburgh Penguins : 2 - Winnipeg Jets : 5.
9:09 of 3rd period - Leon Draisaitl wins face-off versus Adam Lowry in neutral zone.
9:34 of 3rd period - Ridly Greig is hit by Gabriel Vilardi and loses puck.
9:45 of 3rd period - Snap shot by Ridly Greig.
9:45 of 3rd period - Shot Misses the Net.
10:10 of 3rd period - Backhand shot by Christian Dvorak.
10:10 of 3rd period - Stopped by Yaroslav Askarov with a rebound.
10:12 of 3rd period - Wrist shot by Erik Karlsson.
10:12 of 3rd period - Deflect By Alexis Lafreniere.
10:12 of 3rd period - Stopped by Yaroslav Askarov with a rebound.
10:26 of 3rd period - Wrist shot by Taylor Hall.
10:26 of 3rd period - Shot Blocked by Brian Dumoulin.
10:28 of 3rd period - Slapshot by Nate Schmidt.
10:28 of 3rd period - Shot Misses the Net.
10:46 of 3rd period - Mitchell Marner is hit by Dylan Samberg and loses puck.
11:27 of 3rd period - Wrist shot by Alexis Lafreniere.
11:27 of 3rd period - Stopped by Jordan Binnington without a rebound.
11:28 of 3rd period - Leon Draisaitl wins face-off versus Adam Lowry in Pittsburgh Penguins zone.
11:28 of 3rd period - Leon Draisaitl is hit by Alexander Kerfoot.
12:05 of 3rd period - Snap shot by Taylor Hall.
12:05 of 3rd period - Deflect By Ryan O'Reilly.
12:05 of 3rd period - Shot Misses the Net.
12:05 of 3rd period - Puck is out of play.
12:06 of 3rd period - Tage Thompson wins face-off versus Jason Zucker in Pittsburgh Penguins zone.
12:06 of 3rd period - Tage Thompson is hit by Jonas Brodin.
12:14 of 3rd period - Backhand shot by Pavel Buchnevich.
12:14 of 3rd period - Stopped by Yaroslav Askarov without a rebound.
12:15 of 3rd period - Tage Thompson wins face-off versus Jason Zucker in Winnipeg Jets zone.
12:28 of 3rd period - Wrist shot by Connor Bedard.
12:28 of 3rd period - Stopped by Jordan Binnington with a rebound.
12:30 of 3rd period - Slapshot by Jonas Brodin.
12:30 of 3rd period - Stopped by Jordan Binnington without a rebound.
12:31 of 3rd period - Leon Draisaitl wins face-off versus Adam Lowry in Pittsburgh Penguins zone.
12:31 of 3rd period - Leon Draisaitl is hit by Alexander Kerfoot.
13:19 of 3rd period - Michael Kesselring is hit by Ryan O'Reilly and loses puck.
13:32 of 3rd period - Snap shot by Ryan O'Reilly.
13:32 of 3rd period - Stopped by Yaroslav Askarov with a rebound.
13:54 of 3rd period - Wrist shot by Nino Niederreiter.
13:54 of 3rd period - Stopped by Jordan Binnington with a rebound.
14:10 of 3rd period - Wrist shot by Leon Draisaitl.
14:10 of 3rd period - Shot Misses the Net.
14:12 of 3rd period - Wrist shot by Carson Soucy.
14:12 of 3rd period - Shot Misses the Net.
14:22 of 3rd period - Minor Penalty to Taylor Hall for Holding Stick.
14:23 of 3rd period - Tage Thompson wins face-off versus Joel Armia in Winnipeg Jets zone.
14:36 of 3rd period - Wrist shot by Pavel Buchnevich.
14:36 of 3rd period - Stopped by Yaroslav Askarov with a rebound.
16:01 of 3rd period - Adam Lowry is hit by Sam Reinhart and loses puck.
16:22 of 3rd period - Penalty to Taylor Hall is over, Taylor Hall is back on ice.
16:37 of 3rd period - Snap shot by Matvei Michkov.
16:37 of 3rd period - Deflect By Nino Niederreiter.
16:37 of 3rd period - Stopped by Jordan Binnington with a rebound.
16:39 of 3rd period - Wrist shot by Nino Niederreiter.
16:39 of 3rd period - Stopped by Jordan Binnington without a rebound.
16:40 of 3rd period - Phillip Danault wins face-off versus Vladislav Namestnikov in Pittsburgh Penguins zone.
16:40 of 3rd period - Phillip Danault is hit by Haydn Fleury.
17:01 of 3rd period - Minor Penalty to Nate Schmidt for Tripping.
17:02 of 3rd period - Tage Thompson wins face-off versus Adam Lowry in Winnipeg Jets zone.
17:05 of 3rd period - Snap shot by Tage Thompson.
17:05 of 3rd period - Goal by Tage Thompson - Pittsburgh Penguins : 3 - Winnipeg Jets : 5.
17:06 of 3rd period - Vladislav Namestnikov wins face-off versus Ryan O'Reilly in neutral zone.
17:11 of 3rd period - Snap shot by Joel Armia.
17:11 of 3rd period - Shot Blocked by Travis Sanheim.
17:58 of 3rd period - Snap shot by Pavel Buchnevich.
17:58 of 3rd period - Shot Misses the Net.
18:06 of 3rd period - Snap shot by Ridly Greig.
18:06 of 3rd period - Shot Blocked by Carson Soucy.
18:16 of 3rd period - Sam Reinhart is hit by Nate Schmidt and loses puck.
18:57 of 3rd period - Wrist shot by Mitchell Marner.
18:57 of 3rd period - Shot Misses the Net.
18:59 of 3rd period - Slapshot by Carson Soucy.
18:59 of 3rd period - Shot Misses the Net.
19:01 of 3rd period - Slapshot by Erik Gudbranson.
19:01 of 3rd period - Stopped by Yaroslav Askarov with a rebound.
19:03 of 3rd period - Snap shot by Leon Draisaitl.
19:03 of 3rd period - Shot Misses the Net.
19:12 of 3rd period - Slapshot by Erik Gudbranson.
19:12 of 3rd period - Shot Blocked by Vladislav Namestnikov.
19:14 of 3rd period - Snap shot by Mitchell Marner.
19:14 of 3rd period - Shot Misses the Net.
19:16 of 3rd period - Wrist shot by Erik Gudbranson.
19:16 of 3rd period - Shot Misses the Net.
19:18 of 3rd period - Wrist shot by Mitchell Marner.
19:18 of 3rd period - Stopped by Yaroslav Askarov with a rebound.
19:20 of 3rd period - Snap shot by Leon Draisaitl.
19:20 of 3rd period - Deflect By Sam Reinhart.
19:20 of 3rd period - Goal by Sam Reinhart - Pittsburgh Penguins : 4 - Winnipeg Jets : 5.
19:21 of 3rd period - Christian Dvorak wins face-off versus Jason Zucker in neutral zone.
19:51 of 3rd period - Icing by Dylan Samberg.
19:52 of 3rd period - Christian Dvorak wins face-off versus Jason Zucker in Winnipeg Jets zone.
19:53 of 3rd period - Pittsburgh Penguins, Jordan Binnington is pulled from the net.
Goals for this period are 3 for Pittsburgh Penguins vs 3 for Winnipeg Jets.
Shots for this period are 17 for Pittsburgh Penguins vs 13 for Winnipeg Jets.
Back to the Top